 Dungeon Crawl Stone Soup version 0.29.1-2-gbd0b4ee654 (webtiles) character file.

Game seed: 4451213392399315922

11 Godmorgon the Trooper (level 2, -5/24 HPs)
             Began as a Formicid Abyssal Knight on Oct 24, 2022.
             Was a Believer of Lugonu.
             Killed by nerve-wracking pain
             ... invoked by Jessica
              (12 damage)
             ... on level 2 of the Dungeon.
             The game lasted 00:03:13 (1018 turns).

Godmorgon the Trooper (Formicid Abyssal Knight)     Turns: 1018, Time: 00:03:13

Health: -5/24      AC:  8    Str: 17    XL:     2   Next: 40%
Magic:  3/3        EV:  7    Int:  9    God:    Lugonu [**....]
Gold:   31         SH:  0    Dex: 14    Spells: 1/1 levels left

rFire   . . .      SeeInvis +   a - +1 mace
rCold   . . .      Faith    .   (no shield)
rNeg    . . .      Spirit   .   d - +0 chain mail
rPois   .          Reflect  .   (helmet unavailable)
rElec   .          Harm     .   (no cloak)
rCorr   .          Rampage  .   (no gloves)
Will    .....                   (no boots)
Stlth   ..........              (no amulet)
HPRegen 0.08/turn               (no ring)
MPRegen 0.08/turn               (no ring)

@: no status effects
A: permanent stasis, dig shafts and tunnels, antennae 3, four strong arms
a: Dig, Shaft Self, Renounce Religion, Depart the Abyss, Bend Space


You were on level 2 of the Dungeon.
You worshipped Lugonu.
Lugonu was pleased with you.
You visited 1 branch of the dungeon, and saw 2 of its levels.
You visited the Abyss 1 time.

You collected 31 gold pieces.

Inventory:

Hand Weapons
 a - a +1 mace (weapon)
Armour
 d - a +0 chain mail (worn)
Scrolls
 f - a scroll of immolation {unknown}
 g - 3 scrolls of identify {unknown}
Potions
 b - a potion of flight {unknown}
 c - a potion of attraction {unknown}
 e - 2 potions of lignification {unknown}


   Skills:
 + Level 3.5 Fighting
 * Level 2.5 Maces & Flails
 - Level 2.1 Armour
 - Level 0.8 Dodging
 + Level 2.5 Invocations


You had one spell level left.
You didn't know any spells.
Your spell library was empty.

Dungeon Overview and Level Annotations

Branches:
Dungeon (2/15)

Altars:

Annotations:
D:2 Jessica


Innate Abilities, Weirdness & Mutations

You cannot be hasted, slowed, berserked, paralysed or teleported.
You can dig through walls and to a lower floor.
You have a pair of large antennae on your head. (SInv)
Your four strong arms can wield two-handed weapons with a shield.


Message History

Your stasis prevents you from being slowed.
Okay, then.
Press: ? - help, v - describe, . - travel
Here: Jessica, wielding a +0 dagger and wearing a +0 robe The floor.
You barely miss Jessica.
Jessica gestures wildly while chanting.
Jessica blinks!
Press: ? - help, v - describe, . - travel The floor.
Unknown command.
Press: ? - help, v - describe, . - travel
Here: Jessica, wielding a +0 dagger and wearing a +0 robe The floor.
Jessica casts a spell at you. Pain shoots through your body!
You closely miss Jessica. Jessica hits you but does no damage.
You barely miss Jessica.
Jessica mumbles some strange words.
Jessica blinks!
Jessica hits you with a +0 dagger.
You hit Jessica.
Jessica is moderately wounded.
Jessica casts a spell at you. Pain shoots through your body!
* * * LOW HITPOINT WARNING * * *
Jessica hits you but does no damage.
You hit Jessica.
Jessica is moderately wounded.
Jessica hits you with a +0 dagger.
* * * LOW HITPOINT WARNING * * *
You hit Jessica.
Jessica is heavily wounded.
Jessica barely misses you.
You closely miss Jessica.
Jessica is heavily wounded.
Jessica points at you and mumbles some strange words.
Pain shoots through your body!
Ouch! That really hurt!
You die...

#.# #.# #.#
#.####
#.##.#
#.#..#
####.#..###
#..@@.....#
######..#.#
#...# #..##
#...# #.#.#
{ #.#<#
#.### ...


You could see Jessica.

Vanquished Creatures
  2 ball pythons (D:1)
  A giant cockroach (D:1)
  A goblin (D:1)
  A hobgoblin (D:1)
  2 quokkas (D:1)
  A bat (D:1)
  2 frilled lizards (D:1)
  A rat (D:1)
11 creatures vanquished.

Notes
Turn   | Place    | Note
-------+----------+-------------------------------------------
     0 | Abyss:1  | Godmorgon the Formicid Abyssal Knight began the quest for
                  | the Orb.
     0 | Abyss:1  | Reached XP level 1. HP: 18/18 MP: 2/2
     1 | D:1      | Escaped the Abyss
   314 | D:1      | Reached XP level 2. HP: 24/24 MP: 3/3
  1004 | D:2      | Noticed Jessica
  1018 | D:2      | Killed from afar by Jessica

Illustrated notes

Levels and vault maps discovered:
D:1:      spicycebolla_arrival_xxxplode, layout_loops_ring,
          corexii_corridor_pit, serial_bayou_pond_e, kennysheep_nondescript
D:2:      layout_basic, serial_shops, shop, shapermc_ecumenical_altar_ellora,
          uniq_jessica, uniq_natasha, uniq_terence

Action                   || total
-------------------------++-------
Melee: Mace              ||    41
Armor: Chain mail        ||    26
Dodge: Dodged            ||    12
